 Dungeon Crawl Stone Soup version 0.31-a0-339-gda1cbd555d (webtiles) character file.

Game seed: 17492157768870927502

1491 Newt the Trooper (level 8, -2/64 HPs)
             Began as a Demonspawn Gladiator on July 20, 2023.
             Was an Initiate of Gozag.
             Slain by a vampire (9 damage)
             ... on level 6 of the Dungeon.
             The game lasted 00:06:31 (5736 turns).

Newt the Trooper (Demonspawn Gladiator)             Turns: 5736, Time: 00:06:31

Health: -2/64      AC: 10    Str: 18    XL:     8   Next: 51%
Magic:  8/8        EV: 13    Int:  9    God:    Gozag
Gold:   327        SH:  0    Dex: 14    Spells: 7/7 levels left

rFire   . . .        s - +4 hand axe (heavy)
rCold   . . .        (no shield)
rNeg    . . .        b - +0 leather armour
rPois   .            c - +1 helmet
rElec   .            t - scarf {shadows}
rCorr   .            p - +1 pair of gloves
SInv    .            u - +0 pair of boots
Will    .....        (no amulet)
Stlth   +            (no ring)
HPRegen 0.30/turn    (no ring)
MPRegen 0.11/turn

%: no passive effects
@: confused
A: molten scales 1, demonic guardian 3, foul stench 1
a: Renounce Religion, Potion Petition, Call Merchant, Bribe Branch


You were on level 6 of the Dungeon.
You worshipped Gozag.
Gozag was aware of your devotion.
You visited 1 branch of the dungeon, and saw 6 of its levels.

You collected 480 gold pieces.
You spent 87 gold pieces at shops.
You paid 66 gold pieces to Gozag.

Inventory:

Hand Weapons
 a - a +0 rapier
 q - a +3 dagger of venom
 s - a +4 heavy hand axe (weapon)
Missiles
 d - 4 throwing nets (quivered)
 e - a javelin
 w - 10 poisoned darts
 y - 4 boomerangs of dispersal
Armour
 b - a +0 leather armour (worn)
 c - a +1 helmet (worn)
 p - a +1 pair of gloves (worn)
 t - a scarf of shadows (worn)
 u - a +0 pair of boots (worn)
 x - a +0 cloak
Jewellery
 k - an amulet of faith
Potions
 f - 4 potions of brilliance
 g - a potion of haste
 h - a potion of enlightenment
 i - 2 potions of heal wounds
 j - a potion of invisibility
 l - 2 potions of lignification
 m - a potion of attraction {unknown}
 n - a potion of magic {unknown}
 o - 3 potions of might
 r - a potion of mutation {unknown}


   Skills:
 - Level 6.0 Fighting
 - Level 4.0 Short Blades
 - Level 5.0 Axes
 - Level 1.7 Throwing
 + Level 3.5 Armour
 - Level 5.0 Dodging


You had 7 spell levels left.
You didn't know any spells.
Your spell library contained the following spells:

 Spells                   Type           Power      Damage    Failure   Level
 Slow                     Hex            0%         N/A       43%         1
 Lesser Beckoning         Tloc           0%         N/A       58%         2
 Confusing Touch          Hex            0%         N/A       82%         3
 Gell's Gravitas          Tloc           0%         N/A       82%         3
 Ozocubu's Armour         Ice            0%         N/A       82%         3
 Teleport Other           Tloc           0%         N/A       82%         3
 Vampiric Draining        Necr           0%         2d6       82%         3
 Ozocubu's Refrigeration  Ice            0%         4d7       100%        7


Dungeon Overview and Level Annotations

Branches:
Dungeon (6/15)
 Temple: D:4-7

Altars:
Cheibriados
Dithmenos
Fedhas
Gozag
Kikubaaqudgha
Nemelex Xobeh
Qazlal
Xom
Yredelemnul

Shops:
D:1 *


Innate Abilities, Weirdness & Mutations

You are partially covered in molten scales. (AC +2)
A powerful demonic guardian rushes to your aid.
You may rarely emit foul miasma when damaged in melee.


Message History

Reactivating autopickup.
The vampire hits you!
The vampire bites you but does no damage.
The vampire hits you.
The vampire bites you but does no damage.
You bump into the rock wall.
The vampire hits you but does no damage.
The vampire misses you.
Unknown command.
You bump into the rock wall.
The vampire misses you. The vampire closely misses you.
Unknown command.
You completely miss the vampire.
The vampire is moderately damaged.
The vampire closely misses you. The vampire misses you.
Unknown command.
You miss your sun demon. You barely miss the vampire. The vampire hits you!
The vampire closely misses you. The vampire hits you!
* * * LOW HITPOINT WARNING * * *
The vampire barely misses you.
Unknown command.
You barely miss the vampire.
The vampire is moderately damaged.
The vampire hits you.
* * * LOW HITPOINT WARNING * * *
The vampire closely misses you.
Unknown command.
You bump into the rock wall.
The vampire closely misses you. The vampire bites you!
* * * LOW HITPOINT WARNING * * *
A demonic guardian appears!
The vampire draws strength from your injuries!
Unknown command.
Unknown command.
Unknown command.
Unknown command.
You bump into the rock wall.
The vampire barely misses you. The vampire bites you!
You die...
Your body crumbles into a pile of gold.

...## ....# ....#
....# . ....########
.. ...........####
... .....#####...)##
.... ..<....#
####..###l5...
...###.#### ##33@Vo#
..## #....########..#
#########.....## ..#
.....#.....#..## ....
............#..# .##.
.....>.......#.# ..#
...........))#.####.#
...........)).....#.#
.............###....#


You could see a vampire (ally target), an iguana, an orc, an ufetubus, a
friendly soul eater (summoned) and a friendly sun demon (summoned).

Vanquished Creatures
  Menkaure (D:5)
  An ice beast (D:6)
  A sky beast (D:6)
  A black bear (D:4)
  A bullfrog (D:6)
  A scorpion (D:5)
  5 hounds
  4 jellies
  2 orc priests (D:4)
  A sleepcap (D:4)
  An iguana (D:5)
  6 orc wizards
  3 adders
  5 gnolls
  4 worms
  A dart slug (D:3)
  19 orcs
  6 endoplasms
  6 giant cockroaches
  9 goblins
  9 hobgoblins
  4 jackals
  A kobold (D:1)
  2 quokkas (D:2)
  9 ball pythons
  7 bats
  4 frilled lizards
  4 rats
118 creatures vanquished.

Vanquished Creatures (collateral kills)
  An orc warrior (D:4)
  An orc priest (D:4)
  A hound (D:5)
  An orc wizard (D:4)
  3 gnolls
  An adder (D:3)
  An orc (D:3)
  An endoplasm (D:4)
  2 hobgoblins (D:3)
  2 goblins (D:3)
14 creatures vanquished.

Vanquished Creatures (others)
  An orc wizard (D:6)
1 creature vanquished.

Grand Total: 133 creatures vanquished

Notes
Turn   | Place    | Note
-------+----------+-------------------------------------------
     0 | D:1      | Newt the Demonspawn Gladiator began the quest for the Orb.
     0 | D:1      | Reached XP level 1. HP: 16/16 MP: 1/1
    22 | D:1      | Found Luituent's Assorted Antiques.
   265 | D:1      | Found a faded altar of an unknown god.
   319 | D:1      | Gained mutation: A weak demonic guardian rushes to your
                  | aid. [demonic ancestry]
   319 | D:1      | Reached XP level 2. HP: 23/23 MP: 2/2
   339 | D:1      | Reached skill level 3 in Fighting
   876 | D:1      | Bought a scroll labelled ONAIBOUPRI for 29 gold pieces
   876 | D:1      | Bought a scroll labelled COSUCRINTI for 29 gold pieces
   876 | D:1      | Bought a scroll labelled BAXIGO ITUIF for 29 gold pieces
   906 | D:2      | Reached XP level 3. HP: 21/29 MP: 3/3
  1197 | D:2      | Reached skill level 4 in Fighting
  1627 | D:3      | Gained mutation: You may rarely emit foul miasma when
                  | damaged in melee. [demonic ancestry]
  1627 | D:3      | Reached XP level 4. HP: 22/37 MP: 4/4
  2742 | D:4      | Gained mutation: A demonic guardian rushes to your aid.
                  | [demonic ancestry]
  2742 | D:4      | Reached XP level 5. HP: 24/42 MP: 5/5
  2906 | D:4      | Noticed an orc warrior
  2924 | D:4      | Killed an orc warrior
  2925 | D:4      | Gained mutation: A powerful demonic guardian rushes to your
                  | aid. [demonic ancestry]
  2925 | D:4      | Reached XP level 6. HP: 10/48 MP: 6/6
  3213 | D:4      | Reached skill level 5 in Dodging
  3600 | D:4      | Reached skill level 1 in Axes
  3650 | D:4      | Found a blossoming altar of Fedhas.
  3650 | D:4      | Found a snail-covered altar of Cheibriados.
  3650 | D:4      | Found a shadowy altar of Dithmenos.
  3656 | D:4      | Found a stormy altar of Qazlal.
  3664 | D:4      | Gained mutation: You are partially covered in molten
                  | scales. (AC +2) [demonic ancestry]
  3664 | D:4      | Reached XP level 7. HP: 45/54 MP: 7/7
  3705 | D:4      | Found a basalt altar of Yredelemnul.
  3760 | D:4      | Found an ancient bone altar of Kikubaaqudgha.
  3765 | D:4      | Found a sparkling altar of Nemelex Xobeh.
  3767 | D:4      | Found a faded altar of an unknown god.
  3772 | D:4      | Found an opulent altar of Gozag.
  3775 | D:4      | Found a faded altar of an unknown god.
  3953 | D:4      | Found a shimmering altar of Xom.
  4027 | D:4      | Became a worshipper of Gozag Ym Sagoz the Greedy
  4390 | D:5      | Entered Level 5 of the Dungeon
  4605 | D:5      | Noticed Menkaure
  4612 | D:5      | Killed Menkaure
  4618 | D:5      | Reached skill level 5 in Axes
  5053 | D:5      | Reached skill level 5 in Fighting
  5053 | D:5      | Reached XP level 8. HP: 58/62 MP: 8/8
  5511 | D:6      | Reached skill level 6 in Fighting
  5512 | D:6      | Reached skill level 1 in Armour
  5736 | D:6      | Slain by a vampire

Illustrated notes

Levels and vault maps discovered:
D:1:      giann_forest_graveyard, layout_basic, serial_shops,
          nicolae_shop_tiny_statue_garden, hellmonk_ecumenical_altar_lost_god,
          st_stairs_1
D:2:      layout_rooms
D:3:      layout_basic, chequers_arboretum, guppyfry_early_orc_mine
D:4:      layout_basic, cheibriados_altar_1, dk_xom_monty_hall,
          chequers_temple_overflow_minitemple,
          nicolae_overflow_macrodata_refinement
D:5:      layout_basic, uniq_menkaure
D:6:      layout_rooms, minmay_manual_moon

Skill      XL: |  1  2  3  4  5  6  7  8 |
---------------+-------------------------+-----
Fighting       | 3 4 5 6 |  6.0
Short Blades   | 3 4 |  4.0
Dodging        | 3 4 5 |  5.0
Axes           | 2 5 |  5.0
Armour         | 3 |  3.5
Throwing       | |  1.7

Action                     |  1- 3 |  4- 6 |  7- 9 || total
---------------------------+-------+-------+-------++-------
  Melee: Rapier            |   181 |    34 |       ||   215
         Punch             |     2 |     1 |     2 ||     5
         Dagger            |       |   129 |    68 ||   197
         Hand axe          |       |       |    87 ||    87
  Throw: Javelin           |     1 |       |     2 ||     3
         Throwing net      |       |     1 |       ||     1
    Use: Scroll            |     7 |     5 |     6 ||    18
         Potion            |       |     1 |     1 ||     2
   Stab: Sleeping          |     1 |       |     1 ||     2
         Distracted        |     1 |       |       ||     1
 Armour: Leather armour    |    63 |    58 |    88 ||   209
  Dodge: Dodged            |   147 |    84 |    98 ||   329

Table legend: (Time is in decaauts)
 A = Elapsed time spent in this place.
 B = Non-inter-level travel time spent in this place.
 C = Inter-level travel time spent in this place.
 D = Time resting spent in this place.
 E = Time spent auto-exploring this place.
 F = Levels seen in this place.
 G = Mean time per level.
                   A        B        C        D        E       F      G
               +--------+--------+--------+--------+--------+-----+--------+
         Total |   5759 |   5599 |    160 |   1697 |   2863 |   6 |  959.8 |
       Dungeon |   5759 |   5599 |    160 |   1697 |   2863 |   6 |  959.8 |
               +--------+--------+--------+--------+--------+-----+--------+

Top non-repeatable levels by time:
     D:4: 1813 daAuts
     D:3: 1117 daAuts
     D:1: 887 daAuts
     D:5: 876 daAuts
     D:2: 706 daAuts
     D:6: 358 daAuts
